 Dungeon Crawl Stone Soup version 0.29-a0-654-g1c8a42d (webtiles) character file.

Game seed: 2258817184590395326

20907 Dawnplanks the Basher (level 12, 0/74 HPs)
             Began as a Gargoyle Fighter on June 21, 2022.
             Was a Priest of Qazlal.
             Slain by an eight-headed hydra (11 damage)
             ... on level 2 of the Lair of Beasts.
             The game lasted 00:26:43 (13730 turns).

Dawnplanks the Basher (Gargoyle Fighter)           Turns: 13730, Time: 00:26:43

Health: 0/74       AC: 25    Str: 31    XL:     12   Next: 84%
Magic:  10/15      EV: 13    Int:  9    God:    Qazlal [***...]
Gold:   1078       SH: 10    Dex:  9    Spells: 11/11 levels left

rFire   + . .      SeeInvis .   J - +4 mace
rCold   + . .      Faith    .   c - +0 buckler
rNeg    + . .      Spirit   .   b - +0 plate armour
rPois   ∞          Reflect  .   D - +0 helmet
rElec   +          Harm     .   k - scarf {rC+ rF+}
rCorr   .          Rampage  .   L - +0 pair of gloves
Will    .....                   (no boots)
Stlth   ..........              (no amulet)
HPRegen 0.22/turn               C - +6 ring of strength
MPRegen 0.14/turn               q - +4 ring of evasion

@: no status effects
A: sickness immunity, AC +8, negative energy resistance 1, electricity
resistance, torment resistance 1, petrification resistance
a: Renounce Religion, Upheaval, Elemental Force


You were on level 2 of the Lair of Beasts.
You worshipped Qazlal.
Qazlal was most pleased with you.
You visited 3 branches of the dungeon, and saw 13 of its levels.

You collected 1078 gold pieces.

Inventory:

Hand Weapons
 G - a +0 vorpal flail
 J - a +4 mace (weapon)
Missiles
 e - 6 atropa-tipped darts
 j - a throwing net
 w - 15 poisoned darts
 M - a curare-tipped dart (quivered)
Armour
 b - a +0 plate armour (worn)
 c - a +0 buckler (worn)
 k - a scarf of resistance (worn)
 D - a +0 helmet (worn)
 L - a +0 pair of gloves (worn)
 N - a +3 troll leather armour {Snorg}
Jewellery
 f - a ring of flight
 q - a +4 ring of evasion (right hand)
 u - a ring of ice
 C - a +6 ring of strength (left hand)
 I - a ring of see invisible
Wands
 K - a wand of charming (13)
Scrolls
 i - a scroll of vulnerability {unknown}
 l - 3 scrolls of brand weapon {unknown}
 n - 2 scrolls of blinking {unknown}
 o - 3 scrolls of teleportation {unknown}
 p - 2 scrolls of immolation {unknown}
 v - 2 scrolls of fog {unknown}
 y - 6 scrolls of poison {unknown}
 A - 3 scrolls of silence {unknown}
 B - a scroll of magic mapping {unknown}
 E - 2 scrolls of amnesia {unknown}
 H - a scroll of enchant weapon
 O - 2 scrolls of fear
Potions
 a - 2 potions of magic
 d - 3 potions of might
 g - 3 potions of flight
 h - 5 potions of brilliance
 r - 3 potions of cancellation
 s - 2 potions of heal wounds
 t - 2 potions of curing
 x - a potion of ambrosia
 z - 3 potions of lignification
 F - a potion of resistance
Miscellaneous
 m - a phial of floods


   Skills:
 + Level 8.2 Fighting
 * Level 14.6 Maces & Flails
 + Level 8.3 Armour
 + Level 5.9 Dodging
 + Level 9.3 Shields
 * Level 5.0 Invocations


You had 11 spell levels left.
You didn't know any spells.
Your spell library contained the following spells:

 Spells                   Type           Power      Damage    Failure   Level
 Apportation              Tloc           0%         N/A       98%         1
 Conjure Flame            Conj/Fire      0%         6-21      100%        3
 Ignite Poison            Fire/Tmut/Pois 0%         N/A       100%        3
 Corpse Rot               Necr/Pois/Air  0%         N/A       100%        4
 Dispel Undead            Necr           0%         3d6       100%        4
 Sticky Flame             Conj/Fire      0%         2d3       100%        4
 Alistair's Intoxication  Tmut/Pois      0%         N/A       100%        5
 Death Channel            Necr           0%         N/A       100%        6


Dungeon Overview and Level Annotations

Branches:
Dungeon (10/15)            Temple (1/1) D:4            Lair (2/6) D:10
    Orc (0/2) D:9
  Swamp: Lair:2-4    Shoals: Lair:2-4     Snake: Lair:2-4    Spider: Lair:2-4

Altars:
Ashenzari
Cheibriados
Okawaru
Qazlal
Ru
Trog
Uskayaw
Vehumet
Wu Jian
Zin

Shops:
D:5 :


Innate Abilities, Weirdness & Mutations

You are immune to sickness and miasma.
Your stone body is resilient. (AC +8)
You are immune to poison.
You resist negative energy. (rN+)
You are resistant to electric shocks. (rElec)
You are resistant to unholy torment.
You are immune to petrification.


Message History

The eight-headed hydra barely misses your fire elemental.
The eight-headed hydra bites your fire elemental.
The eight-headed hydra bites your fire elemental but does no damage.
The eight-headed hydra bites your fire elemental.
The komodo dragon bites your fire elemental.
Your fire elemental hits the komodo dragon.
Your fire elemental burns the komodo dragon!
The eight-headed hydra bites you but does no damage.
The eight-headed hydra closely misses you.
The eight-headed hydra bites you but does no damage.
The eight-headed hydra closely misses you.
The eight-headed hydra bites you but does no damage. x2
The eight-headed hydra bites you.
The eight-headed hydra bites you but does no damage.
Your fire elemental hits the komodo dragon.
Your fire elemental burns the komodo dragon!
The komodo dragon bites you.
You thump the eight-headed hydra!
The eight-headed hydra is lightly wounded.
The eight-headed hydra bites you.
* * * LOW HITPOINT WARNING * * *
The eight-headed hydra closely misses you. x2
The eight-headed hydra bites you but does no damage.
The eight-headed hydra closely misses you.
You block the eight-headed hydra's attack. x2
The eight-headed hydra bites you but does no damage.
Your fire elemental completely misses the komodo dragon.
The komodo dragon barely misses you.
You bludgeon the eight-headed hydra!!
The eight-headed hydra is moderately wounded.
Your fire elemental hits the komodo dragon.
Your fire elemental burns the komodo dragon!
The eight-headed hydra closely misses you.
The eight-headed hydra bites you!
* * * LOW HITPOINT WARNING * * *
You block the eight-headed hydra's attack.
The eight-headed hydra bites you but does no damage.
You block the eight-headed hydra's attack.
The eight-headed hydra bites you!
You die...

##..........#
##.........##
#............
###.......#
##......#
##.....#
####....#
#......##
....<.##E@.#
..#..# #Dl##
#..# #..##
### #...#
#...# ..#.#
##.....
#...### .....


You could see an eight-headed hydra, a komodo dragon (ally target) and a
friendly fire elemental (summoned).

Vanquished Creatures
  Snorg (D:10)
  A hydra (Lair:1)
  2 boulder beetles (D:10)
  5 two-headed ogres (D:10)
  2 black mambas (Lair:1)
  3 cane toads
  A yaktaur (shapeshifter) (D:10)
  A kobold demonologist (D:10)
  A hornet (D:8)
  A troll (D:9)
  5 blink frogs (Lair:1)
  Grinder (D:4)
  A wraith (D:9)
  32 yaks
  A wyvern (Lair:2)
  Grum (D:10)
  A steam dragon (D:6)
  A vampire mosquito (D:10)
  Edmund (D:4)
  2 acid dragons
  9 water moccasins
  Duvessa (D:4)
  An ice beast (D:4)
  An orc warrior (D:9)
  4 sky beasts
  A black bear (D:7)
  2 wolves (D:10)
  3 centaurs
  4 ogres
  A phantom (D:5)
  2 kobold brigands
  6 bullfrogs
  6 scorpions
  A necrophage (D:7)
  10 wights
  Dowan (D:4)
  15 killer bees
  8 howler monkeys
  8 hounds
  6 orc priests
  8 iguanas
  13 orc wizards
  Robin (D:4)
  12 gnolls
  7 adders
  A white imp (D:5)
  2 ufetubi (D:7)
  3 worms
  4 dart slugs
  35 orcs
  5 endoplasms
  3 giant cockroaches
  17 goblins
  9 hobgoblins
  2 quokkas
  5 ball pythons
  10 bats
  3 frilled lizards
  16 kobolds
  6 rats
316 creatures vanquished.

Vanquished Creatures (collateral kills)
  A gnoll sergeant (D:9)
  A gnoll (D:9)
2 creatures vanquished.

Vanquished Creatures (others)
  4 fungi (Lair:1)
  A plant (Lair:1)
5 creatures vanquished.

Grand Total: 323 creatures vanquished

Notes
Turn   | Place    | Note
-------+----------+-------------------------------------------
     0 | D:1      | Dawnplanks the Gargoyle Fighter began the quest for the
                  | Orb.
     0 | D:1      | Reached XP level 1. HP: 14/14 MP: 1/1
   185 | D:1      | Reached XP level 2. HP: 19/19 MP: 2/2
   778 | D:2      | Reached XP level 3. HP: 19/24 MP: 3/3
  1535 | D:2      | Reached skill level 3 in Maces & Flails
  1819 | D:2      | Reached XP level 4. HP: 24/29 MP: 4/4
  2055 | D:3      | Reached XP level 5. HP: 33/33 MP: 5/5
  2141 | D:3      | Reached skill level 4 in Maces & Flails
  2559 | D:4      | Noticed Dowan
  2563 | D:4      | Noticed Duvessa
  2577 | D:4      | Killed Duvessa
  2578 | D:4      | Reached skill level 1 in Dodging
  2578 | D:4      | Reached XP level 6. HP: 11/38 MP: 6/6
  2590 | D:4      | Killed Dowan
  3017 | D:4      | Found a staircase to the Ecumenical Temple.
  3027 | D:4      | Reached skill level 5 in Maces & Flails
  3030 | Temple   | Entered the Ecumenical Temple
  3320 | D:4      | Reached XP level 7. HP: 33/43 MP: 7/7
  3431 | D:4      | Noticed Grinder
  3457 | D:4      | Paralysed by Grinder for 2 turns
  3462 | D:4      | Killed Grinder
  3463 | D:4      | Reached skill level 6 in Maces & Flails
  3685 | D:4      | Reached skill level 5 in Armour
  3918 | D:4      | Noticed Robin
  3949 | D:4      | Killed Robin
  4060 | D:4      | Found a stormy altar of Qazlal.
  4138 | D:4      | Became a worshipper of Qazlal Stormbringer
  4549 | D:5      | Entered Level 5 of the Dungeon
  4551 | D:5      | Noticed Edmund
  4571 | D:4      | Reached XP level 8. HP: 44/48 MP: 8/8
  4577 | D:4      | Reached skill level 7 in Maces & Flails
  4611 | D:4      | Killed Edmund
  5152 | D:5      | Found Baucki's Book Emporium.
  5199 | D:5      | Reached skill level 5 in Fighting
  5199 | D:5      | Reached skill level 8 in Maces & Flails
  5443 | D:5      | Reached * piety under Qazlal
  5444 | D:5      | Reached XP level 9. HP: 39/54 MP: 9/9
  6130 | D:6      | Reached skill level 5 in Shields
  6166 | D:6      | Reached skill level 9 in Maces & Flails
  6801 | D:6      | Reached ** piety under Qazlal
  7027 | D:6      | Reached skill level 10 in Maces & Flails
  7481 | D:7      | Found a bloodstained altar of Trog.
  7639 | D:7      | Found a glowing silver altar of Zin.
  7639 | D:7      | Found an iron altar of Okawaru.
  8356 | D:7      | Found a radiant altar of Vehumet.
  8443 | D:7      | Found a broken altar of Ashenzari.
  8593 | D:8      | Reached XP level 10. HP: 57/60 MP: 10/10
  9032 | D:8      | Reached skill level 11 in Maces & Flails
  9570 | D:9      | Reached *** piety under Qazlal
  9769 | D:9      | Reached skill level 12 in Maces & Flails
  9943 | D:9      | Found a staircase to the Orcish Mines.
 10829 | D:10     | Entered Level 10 of the Dungeon
 10829 | D:10     | Found a hide-covered altar of Uskayaw.
 10841 | D:10     | Reached skill level 1 in Invocations
 10856 | D:10     | Reached XP level 11. HP: 49/65 MP: 11/11
 10989 | D:10     | Found a staircase to the Lair.
 11222 | D:10     | Noticed Snorg
 11235 | D:10     | Killed Snorg
 11236 | D:10     | Reached skill level 13 in Maces & Flails
 11579 | D:10     | Noticed a two-headed ogre
 11678 | D:10     | Killed a two-headed ogre
 11841 | D:10     | Found a snail-covered altar of Cheibriados.
 11859 | D:10     | Noticed a two-headed ogre
 11868 | D:10     | Killed a two-headed ogre
 11874 | D:10     | Noticed a boulder beetle
 11893 | D:10     | Killed a boulder beetle
 11928 | D:10     | Noticed Grum
 11940 | D:10     | Killed Grum
 11977 | D:10     | Noticed a two-headed ogre
 11978 | D:10     | Noticed a sixfirhy
 11979 | D:10     | Noticed a two-headed ogre
 11983 | D:10     | Reached skill level 5 in Dodging
 11983 | D:10     | Noticed a boulder beetle
 11988 | D:10     | Reached XP level 12. HP: 70/72 MP: 14/14
 12025 | D:10     | Killed a two-headed ogre
 12027 | D:10     | Killed a two-headed ogre
 12028 | D:10     | Reached skill level 14 in Maces & Flails
 12082 | D:10     | Killed a boulder beetle
 12104 | D:10     | Noticed a two-headed ogre
 12110 | D:10     | Killed a two-headed ogre
 12402 | Lair:1   | Entered Level 1 of the Lair of Beasts
 12628 | Lair:1   | Noticed an eight-headed hydra
 12638 | Lair:1   | Killed an eight-headed hydra
 13612 | Lair:2   | Reached skill level 5 in Invocations
 13716 | Lair:2   | Noticed an eight-headed hydra
 13730 | Lair:2   | Slain by an eight-headed hydra

Illustrated notes

Levels and vault maps discovered:
D:1:      giann_wishing_wells, layout_rooms, minmay_misc_feat_room
D:2:      layout_loops_ring
D:3:      layout_basic, st_stairs_3, grunt_ministairs_9
D:4:      layout_loops_corners, nicolae_qazlal_eye_of_the_storm,
          minmay_temple_entry_hall, cheibrodos_gnoll_hut, uniq_grinder,
          uniq_duvessa, uniq_robin
D:5:      layout_loops_ring, serial_shops, shop, st_stairs_4, uniq_edmund
D:6:      layout_basic, serial_curves, eino_curves_04, eino_curves_04,
          eino_curves_03, minmay_checkerbox
D:7:      layout_gridville, mainiacjoe_overflow_swirl, kennysheep_mini_moat,
          jmf_multi_god_temple
D:8:      layout_rooms
D:9:      layout_grid_maze, orc_0_dummy
D:10:     minmay_slanted_spiral_squares, layout_cave_pools,
          general_overflow_altar, mainiacjoe_overflow_tiny_flanked,
          lair_entry_dummy, uniq_snorg, uniq_grum
Temple:   dpeg_chambers_temple
Lair:1:   layout_roguey, serial_bayou_shore_b, grunt_megastairs_2
Lair:2:   layout_cave_pods, uniq_nergalle

Skill      XL: |  1  2  3  4  5  6  7  8  9 10 11 12 |
---------------+-------------------------------------+-----
Maces & Flails | 3 4 5 6 8 10 12 13 14 | 14.6
Fighting       | 4 5 6 7 8 |  8.2
Armour         | 4 5 6 7 8 |  8.3
Dodging        | 1 2 3 4 5 |  5.9
Shields        | 4 5 6 8 9 |  9.3
Invocations    | 1 2 5 |  5.0

Action                   |  1- 3 |  4- 6 |  7- 9 | 10-12 || total
-------------------------+-------+-------+-------+-------++-------
Melee: Flail             |   128 |   130 |   479 |    69 ||   806
       Mace              |       |       |       |   623 ||   623
Throw: Dart              |       |     3 |    15 |     7 ||    25
       Throwing net      |       |       |     2 |       ||     2
Invok: Upheaval          |       |       |     1 |     3 ||     4
       Elemental Force   |       |       |       |     5 ||     5
  Use: Potion            |       |     1 |     1 |       ||     2
       Scroll            |       |       |       |    11 ||    11
 Stab: Held in net/web   |       |       |     1 |       ||     1
Armor: Scale mail        |    76 |    61 |   237 |    96 ||   470
       Plate armour      |       |       |       |   108 ||   108
       Troll leather arm |       |       |       |    73 ||    73
Dodge: Dodged            |    69 |    89 |   355 |   468 ||   981
Block: Buckler           |    20 |    17 |   139 |   345 ||   521

Table legend: (Time is in decaauts)
 A = Elapsed time spent in this place.
 B = Non-inter-level travel time spent in this place.
 C = Inter-level travel time spent in this place.
 D = Time resting spent in this place.
 E = Time spent auto-exploring this place.
 F = Levels seen in this place.
 G = Mean time per level.
                   A        B        C        D        E       F      G
               +--------+--------+--------+--------+--------+-----+--------+
         Total |  13696 |  13032 |    664 |    914 |   9668 |  13 | 1053.5 |
       Dungeon |  12278 |  11627 |    651 |    784 |   8638 |  10 | 1227.8 |
        Temple |    146 |    146 |      0 |    130 |      0 |   1 |  146.0 |
          Lair |   1272 |   1260 |     12 |      0 |   1030 |   2 |  636.0 |
               +--------+--------+--------+--------+--------+-----+--------+

Top non-repeatable levels by time:
     D:4: 2200 daAuts
     D:9: 1657 daAuts
     D:6: 1531 daAuts
     D:2: 1298 daAuts
     D:7: 1249 daAuts
    D:10: 1191 daAuts
  Lair:1: 1096 daAuts
     D:5: 1026 daAuts
     D:8: 821 daAuts
     D:1: 785 daAuts
     D:3: 516 daAuts
  Lair:2: 175 daAuts
  Temple: 146 daAuts
